[Event "Titled Tuesday Blitz May 16 Late 2023"]
[White "Horokoskii"]
[Black "ProphetReborn"]
[WhiteElo "2161"]
[BlackElo "2850"]
[Result "0-1"]
[Round "05"]
[TimeControl "180+2"]
[Date "2023.05.16"]
[WhiteClock "0:00:00"]
[BlackClock "0:02:38"]

1. d4 Nf6 2. c4 e6 3. Nc3 Bb4 4. e3 O-O 5. Ne2 Re8 6. a3 Bf8 7. Nf4 d5 8. b4 dxc4 9. Bxc4 a5 10. b5 e5 11. dxe5 Qxd1+ 12. Kxd1 Rxe5 13. Bb2 Nbd7 14. a4 Nc5 15. Ke2 Re8 16. Rhd1 Bd6 17. Nd3 Nce4 18. Nxe4 Nxe4 19. f3 Nf6 20. h3 Nh5 21. Kf2 Bg3+ 22. Ke2 Bf5 23. e4 Bc8 24. Kf1 Bd6 25. Rd2 Be6 26. Bxe6 Rxe6 27. Rad1 f5 28. exf5 Ng3+ 29. Kg1 Nxf5 30. Re1 Rxe1+ 31. Nxe1 Re8 32. Nc2 Ng3 33. Nd4 Re1+ 34. Kf2 Rf1+ 35. Ke3 Rb1 36. Kd3 Bf4 37. Rc2 Rd1+ 38. Kc3 Bd6 39. Kb3 Rd3+ 40. Ka2 Kf7 41. Ne2 Nf5 42. Nc3 Ne3 43. Re2 Nc4 44. Ne4 Be7 0-1


[Site "https://www.chess.com"]

[Event "Titled Tuesday Blitz May 16 Late 2023"]
[White "Tristan, Leonardo"]
[Black "Skaric, Djuro"]
[WhiteFideId "113816"]
[BlackFideId "934569"]
[WhiteElo "2461"]
[BlackElo "2282"]
[Result "1-0"]
[Round "05"]
[TimeControl "180+2"]
[Date "2023.05.16"]
[WhiteClock "0:00:14"]
[BlackClock "0:00:06"]

1. d4 d6 2. e4 Nf6 3. Nc3 g6 4. Nf3 Bg7 5. Be2 O-O 6. O-O Nc6 7. d5 Ne5 8. Nxe5 dxe5 9. Be3 h6 10. Qd2 Kh7 11. h3 Ne8 12. f4 exf4 13. Bxf4 e5 14. Be3 Nd6 15. Bd3 a6 16. Na4 f5 17. Nc5 f4 18. Bf2 Qe7 19. c4 g5 20. Nb3 h5 21. c5 Nf7 22. Be2 g4 23. Qd1 Nh6 24. d6 cxd6 25. Qxd6 Qg5 26. h4 Qf6 27. Qxf6 Rxf6 28. Rfd1 g3 29. Be1 Bg4 30. Bf3 Rf7 31. Bc3 Re8 32. Rd5 Kg6 33. Rad1 Be6 34. Rd6 Ng4 35. c6 Bf8 36. Nc5 Bxd6 37. Rxd6 bxc6 38. Rxe6+ Rxe6 39. Nxe6 Re7 40. Nc5 Kf6 41. Nd3 Rd7 42. Nxf4 Nh2 43. Nxh5+ Ke6 44. Be2 Rh7 45. Be1 Rd7 46. Nxg3 Rd2 47. Bxd2 1-0


[Site "https://www.chess.com"]

[Event "Titled Tuesday Blitz May 16 Late 2023"]
[White "Hnydiuk, Aleksander"]
[Black "Szente Varga, Fruzsina"]
[WhiteFideId "1109057"]
[BlackFideId "712264"]
[WhiteElo "2374"]
[BlackElo "1994"]
[Result "0-1"]
[Round "05"]
[TimeControl "180+2"]
[Date "2023.05.16"]
[WhiteClock "0:00:00"]
[BlackClock "0:00:11"]

1. d4 Nf6 2. c4 g6 3. f3 Bg7 4. e4 d6 5. Be3 O-O 6. Ne2 c5 7. d5 e6 8. Nec3 exd5 9. cxd5 Re8 10. Be2 a6 11. a4 Nbd7 12. O-O Rb8 13. Na3 Ne5 14. h3 Ned7 15. Nc4 Nf8 16. Bf4 Nh5 17. Bxd6 Bd4+ 18. Kh1 Bxh3 19. gxh3 Qh4 20. Kg2 Re5 21. Qe1 Rg5+ 22. Kh2 Ng3 23. Bxg3 Qh6 24. h4 Rh5 25. Kg2 g5 0-1


[Site "https://www.chess.com"]

[Event "Titled Tuesday Blitz May 16 Late 2023"]
[White "Deviprasath, Sharvesh"]
[Black "Roman, Rodrigo"]
[WhiteFideId "30938228"]
[BlackFideId "3701220"]
[WhiteElo "2168"]
[BlackElo "1995"]
[Result "1-0"]
[Round "05"]
[TimeControl "180+2"]
[Date "2023.05.16"]
[WhiteClock "0:00:49"]
[BlackClock "0:00:15"]

1. e4 c5 2. Nf3 b6 3. d4 cxd4 4. Nxd4 Bb7 5. Nc3 d6 6. Bb5+ Nd7 7. O-O Nf6 8. Re1 e6 9. Nd5 a6 10. Nxf6+ gxf6 11. Ba4 b5 12. Bb3 Nc5 13. Bd5 exd5 14. exd5+ Kd7 15. b4 Na4 16. c4 Nb6 17. c5 dxc5 18. Qg4+ Kc7 19. Bf4+ Bd6 20. bxc5 Nc4 21. cxd6+ Kb6 22. a4 Rg8 23. Qf3 Qd7 24. a5+ Nxa5 25. Nc6 Bxc6 26. Re7 Nc4 27. Be3+ 1-0


[Site "https://www.chess.com"]

[Event "Titled Tuesday Blitz May 16 Late 2023"]
[White "Ingunza Curro, Andres"]
[Black "Tomaszewski, Kacper"]
[WhiteFideId "24526371"]
[BlackFideId "1127373"]
[WhiteElo "2247"]
[BlackElo "2211"]
[Result "0-1"]
[Round "05"]
[TimeControl "180+2"]
[Date "2023.05.16"]
[WhiteClock "0:00:43"]
[BlackClock "0:01:52"]

1. d4 d6 2. c4 e5 3. d5 f5 4. Nc3 Nf6 5. Bg5 Be7 6. e4 O-O 7. Bxf6 Bxf6 8. Bd3 f4 9. Nf3 Nd7 10. Qe2 a5 11. O-O-O Nc5 12. Kb1 Bd7 13. g3 fxg3 14. fxg3 c6 15. Rhf1 Qb6 16. Bc2 a4 17. dxc6 bxc6 18. Rxd6 Be7 19. Nd5 Qd8 20. Nxe7+ Qxe7 21. Rfd1 Bg4 0-1


[Site "https://www.chess.com"]

[Event "Titled Tuesday Blitz May 16 Late 2023"]
[White "Hirneise, Jens"]
[Black "Celestino, Rafael Teixeira"]
[WhiteFideId "24614734"]
[BlackFideId "2108925"]
[WhiteElo "2345"]
[BlackElo "2323"]
[Result "0-1"]
[Round "05"]
[TimeControl "180+2"]
[Date "2023.05.16"]
[WhiteClock "0:00:00"]
[BlackClock "0:01:31"]

1. c4 e5 2. Nc3 Nc6 3. g3 Nf6 4. Bg2 Bc5 5. e3 O-O 6. Nge2 d6 7. h3 Re8 8. O-O Bf5 9. d4 exd4 10. exd4 Bb4 11. Be3 Qd7 12. Kh2 Ne4 13. Nxe4 Bxe4 14. a3 Bxg2 15. Kxg2 Ba5 16. b4 Nxb4 17. axb4 Bxb4 18. Qa4 Qxa4 19. Rxa4 a5 20. d5 Re4 21. Rc1 Rae8 22. Kf3 f5 23. Nd4 g6 24. Ne6 c6 25. Bb6 cxd5 26. cxd5 Re5 27. Bxa5 Ra8 28. Bxb4 Rxa4 29. Bxd6 Rxd5 30. Rc8+ Kf7 31. Ng5+ Kf6 32. Nxh7+ Ke6 33. Bf4 Rd3+ 34. Be3 b5 35. Ng5+ Kd7 36. Rb8 Rb3 0-1


[Site "https://www.chess.com"]

[Event "Titled Tuesday Blitz May 16 Late 2023"]
[White "Figorito, Nick"]
[Black "Mikhalsky, Vladimir"]
[WhiteFideId "30923689"]
[BlackFideId "14144352"]
[WhiteElo "2316"]
[BlackElo "2236"]
[Result "1-0"]
[Round "05"]
[TimeControl "180+2"]
[Date "2023.05.16"]
[WhiteClock "0:00:11"]
[BlackClock "0:00:49"]

1. Nf3 c5 2. g3 Nc6 3. d4 cxd4 4. Nxd4 e5 5. Nxc6 bxc6 6. Bg2 d5 7. c4 Be6 8. Nc3 Ne7 9. cxd5 cxd5 10. O-O Qd7 11. b3 Rd8 12. Ba3 f6 13. Rc1 Kf7 14. Na4 Nf5 15. Bxf8 Rhxf8 16. Nc5 Qd6 17. Nxe6 Qxe6 18. Rc7+ Ne7 19. Rxa7 Ra8 20. Bxd5 Rxa7 21. Bxe6+ Kxe6 22. Qc2 Rc8 23. Qxh7 Rxa2 24. Qxg7 Rcc2 25. Qg4+ f5 26. Qh4 Rxe2 27. Qh6+ Kf7 28. Qh7+ Ke6 29. b4 Rab2 30. Qh6+ Kf7 31. Qb6 Nd5 32. Qb7+ Ne7 33. b5 e4 34. b6 Ke6 35. Qc7 e3 36. b7 exf2+ 37. Kg2 Nd5 38. Qc8+ Kf6 39. Qd8+ Ke6 40. Qe8+ Kf6 41. Qxe2 Rxe2 42. b8=Q Ne3+ 43. Kf3 Nxf1 44. Kxe2 Nxh2 45. Kxf2 Ng4+ 46. Kg1 Kg5 47. Qf4+ Kg6 48. Qa4 Nf6 49. Kg2 Kg5 50. Kf3 Ne4 51. Qa8 Nd2+ 52. Ke3 Nf1+ 53. Kf2 Nh2 54. Qg8+ Kh5 55. Qh8+ Kg4 56. Qxh2 f4 57. Qh4+ 1-0


[Site "https://www.chess.com"]

[Event "Titled Tuesday Blitz May 16 Late 2023"]
[White "Vega Gutierrez, Sabrina"]
[Black "Rose, Felix"]
[WhiteFideId "2219026"]
[BlackFideId "5105722"]
[WhiteElo "2209"]
[BlackElo "2039"]
[Result "0-1"]
[Round "05"]
[TimeControl "180+2"]
[Date "2023.05.16"]
[WhiteClock "0:00:00"]
[BlackClock "0:00:16"]

1. e4 e5 2. Nf3 Nc6 3. Nc3 Nf6 4. g3 d5 5. exd5 Nxd5 6. Bg2 Nxc3 7. bxc3 Bc5 8. O-O O-O 9. d3 h6 10. Rb1 Bb6 11. Nd2 Be6 12. Qe1 Qd7 13. c4 Rfe8 14. Ba3 Nd4 15. Qxe5 Bxc4 16. Qh5 Bxa2 17. Rb2 Be6 18. Bxb7 Rab8 19. Bg2 Bg4 20. Qd5 Qxd5 21. Bxd5 Re2 22. Nc4 Rd8 23. Bg2 Nxc2 24. h3 Bf5 25. Be4 Bxe4 26. dxe4 Rd3 27. Nxb6 axb6 28. Be7 Rxe4 29. Rc1 Rxe7 30. Rbxc2 Rdd7 31. Rc6 f6 32. h4 Kf7 33. Kg2 Ke8 34. h5 Kd8 35. R1c4 Re5 36. g4 b5 37. Rc2 b4 38. Ra2 Rb5 0-1


[Site "https://www.chess.com"]

[Event "Titled Tuesday Blitz May 16 Late 2023"]
[White "Pein, Jonathan"]
[Black "Kujawski, Adam"]
[WhiteFideId "417092"]
[BlackFideId "1100920"]
[WhiteElo "2151"]
[BlackElo "2054"]
[Result "1-0"]
[Round "05"]
[TimeControl "180+2"]
[Date "2023.05.16"]
[WhiteClock "0:01:52"]
[BlackClock "0:00:00"]

1. e4 e5 2. Nf3 Nc6 3. Nc3 Nf6 4. d4 Bb4 5. Bg5 h6 6. Bxf6 Qxf6 7. dxe5 Nxe5 8. Nxe5 Qxe5 9. Qd3 d6 10. g3 Bd7 11. Bg2 Bb5 12. Qe3 Bxc3+ 13. bxc3 O-O 14. f4 Qe6 15. Kf2 Rae8 16. Rhe1 b6 17. Kg1 Kh8 18. a4 Bc6 19. a5 Qc4 20. axb6 axb6 21. Qd4 Qc5 22. Qxc5 bxc5 23. Ra7 Re7 24. e5 Bxg2 25. Kxg2 d5 26. Rd1 Rd8 27. Kf3 f6 28. exf6 gxf6 29. Rb1 Kg7 30. Rbb7 Rdd7 31. Rb5 c4 32. Rc5 Kf7 33. Ra6 Re6 34. Ra7 Ree7 35. f5 Ke8 36. Ra8+ Kf7 37. Ra6 Ke8 38. Rxf6 Rf7 39. Rxf7 Kxf7 40. Kf4 d4 41. Rxc4 dxc3 42. Rxc3 Rd4+ 43. Ke5 Rd2 44. Rxc7+ Ke8 45. h4 Rg2 46. Ke6 Re2+ 47. Kf6 Rg2 48. Rc8+ Kd7 49. Rc3 Ke8 50. Re3+ Kf8 51. Rd3 Ke8 52. c4 Rc2 53. Re3+ Kf8 54. Rd3 Ke8 55. Rd4 Rc3 56. g4 Rc1 57. g5 hxg5 58. hxg5 Rc2 59. Re4+ Kf8 60. g6 Rc3 61. g7+ 1-0


[Site "https://www.chess.com"]

[Event "Titled Tuesday Blitz May 16 Late 2023"]
[White "merinasian"]
[Black "Vifleemskaia, Svetlana"]
[BlackFideId "4129490"]
[WhiteElo "2435"]
[BlackElo "1930"]
[Result "0-1"]
[Round "05"]
[TimeControl "180+2"]
[Date "2023.05.16"]
[WhiteClock "0:00:00"]
[BlackClock "0:00:11"]

1. d4 Nf6 2. Nf3 d5 3. g3 c5 4. c4 dxc4 5. Na3 Nc6 6. Bg2 cxd4 7. O-O e5 8. Nxc4 e4 9. Ng5 Qd5 10. Qa4 b5 11. Qc2 Qxc4 12. Qb1 d3 13. exd3 Qb4 14. Nxe4 Nxe4 15. Bxe4 Bb7 16. a3 Qd6 17. Bf4 Qf6 18. Re1 Be7 19. Qc2 Rc8 20. Qe2 Nd4 21. Bxb7 Nxe2+ 22. Rxe2 Rd8 23. Rae1 Rd7 24. Bc8 Rxd3 25. Rxe7+ Qxe7 26. Rxe7+ Kxe7 27. Bf5 Rd1+ 28. Kg2 f6 29. Be3 g6 30. Bc2 Rd7 31. Bc5+ Kf7 32. Bb3+ Kg7 33. Bb4 Re8 34. h4 h5 35. Bc3 Re2 36. Kf3 Rdd2 0-1


[Site "https://www.chess.com"]

[Event "Titled Tuesday Blitz May 16 Late 2023"]
[White "liwadas82"]
[Black "De Souza, Cristiano Gomes"]
[BlackFideId "2151758"]
[WhiteElo "2432"]
[BlackElo "2068"]
[Result "1-0"]
[Round "05"]
[TimeControl "180+2"]
[Date "2023.05.16"]
[WhiteClock "0:01:35"]
[BlackClock "0:01:23"]

1. e4 c5 2. Nf3 d6 3. d4 cxd4 4. Nxd4 Nf6 5. Nc3 g6 6. g3 Bg7 7. Bg2 O-O 8. O-O Nc6 9. Nde2 Bd7 10. h3 Rb8 11. a4 a6 12. Be3 b5 13. axb5 axb5 14. Nd5 Ne5 15. b3 Nxd5 16. exd5 Qc8 17. Kh2 b4 18. Rc1 Bb5 19. Re1 Nd7 20. Nd4 Nc5 21. Nxb5 Rxb5 22. Bd4 Qa6 23. Rxe7 Ra5 24. Bxg7 Kxg7 25. Qd4+ Kg8 26. h4 Qb6 27. h5 Na4 28. Qf6 1-0


[Site "https://www.chess.com"]

[Event "Titled Tuesday Blitz May 16 Late 2023"]
[White "Novikova, Galina"]
[Black "Smiechu"]
[WhiteFideId "4157095"]
[WhiteElo "1953"]
[BlackElo "2283"]
[Result "1-0"]
[Round "05"]
[TimeControl "180+2"]
[Date "2023.05.16"]
[WhiteClock "0:01:16"]
[BlackClock "0:00:47"]

1. e4 c5 2. Nf3 g6 3. d4 cxd4 4. Nxd4 Nc6 5. Nc3 Bg7 6. Be3 Nf6 7. Nxc6 bxc6 8. e5 Ng8 9. Bd4 f6 10. f4 Qa5 11. Bc4 c5 12. Be3 Bb7 13. O-O fxe5 14. fxe5 Bxe5 15. Bf7+ Kd8 16. Bd5 Qb6 17. Rf8+ Kc7 18. Rxa8 Bxa8 19. Bxa8 Nf6 20. Nd5+ Nxd5 21. Bxd5 Rf8 22. Bf3 e6 23. Rb1 d5 24. c3 Qd6 25. h3 Bf6 26. b4 c4 27. Bc5 1-0


[Site "https://www.chess.com"]

[Event "Titled Tuesday Blitz May 16 Late 2023"]
[White "Urbina Perez, Juan Antonio"]
[Black "Cooklev, Steven"]
[WhiteFideId "2217368"]
[BlackFideId "2050552"]
[WhiteElo "2197"]
[BlackElo "2281"]
[Result "0-1"]
[Round "05"]
[TimeControl "180+2"]
[Date "2023.05.16"]
[WhiteClock "0:00:10"]
[BlackClock "0:00:11"]

1. d4 Nf6 2. Nf3 d5 3. c4 e6 4. g3 dxc4 5. Bg2 Nc6 6. O-O Rb8 7. Bg5 Be7 8. e3 O-O 9. Nbd2 b5 10. a4 a6 11. axb5 axb5 12. Qc1 Nb4 13. Qc3 Bb7 14. Bxf6 gxf6 15. e4 c5 16. dxc5 Bxc5 17. Rad1 Nd3 18. Nxc4 bxc4 19. Qxc4 Nxb2 20. Qxc5 Nxd1 21. Qc2 Nxf2 22. Rxf2 Rc8 23. Qe2 Rc1+ 24. Bf1 Qb6 25. Kg2 Qc6 26. Nd4 Qxe4+ 27. Qxe4 Bxe4+ 28. Kh3 f5 29. Ne2 Ra1 30. Nf4 Rc8 31. Bb5 Kf8 32. g4 fxg4+ 33. Kxg4 Bf5+ 34. Kg5 Kg7 35. Nh5+ Kf8 36. Kf6 Bg6 37. Nf4 Ra5 38. Nxg6+ hxg6 39. Bd3 Rc3 40. Bb1 Rc6 41. h4 e5+ 42. Kg5 e4+ 43. Kh6 Re6 44. Ba2 Rh5# 0-1


[Site "https://www.chess.com"]

[Event "Titled Tuesday Blitz May 16 Late 2023"]
[White "ibove"]
[Black "Martin Barcelo, Carles"]
[BlackFideId "24561444"]
[WhiteElo "2282"]
[BlackElo "2089"]
[Result "0-1"]
[Round "05"]
[TimeControl "180+2"]
[Date "2023.05.16"]
[WhiteClock "0:00:17"]
[BlackClock "0:00:20"]

1. Nf3 b6 2. g3 Bb7 3. Bg2 e5 4. d3 g6 5. O-O Bg7 6. c4 Ne7 7. e4 O-O 8. Nc3 Nbc6 9. Be3 Nd4 10. b4 h6 11. a4 a5 12. b5 d6 13. h4 f5 14. Nd5 Nxd5 15. cxd5 f4 16. gxf4 Nxf3+ 17. Qxf3 exf4 18. Bd2 Bxa1 19. Rxa1 Qxh4 20. Rc1 Rf7 21. Bh3 Bc8 22. Bxc8 Rxc8 23. Kf1 h5 24. Ke2 Qg4 25. Qxg4 hxg4 26. Rg1 g5 27. Rxg4 Rg7 28. Bc3 Rg6 29. Kf3 Kf7 30. Rg1 Rf8 31. Kg4 Rh6 32. Rf1 Kg6 33. Rg1 f3 34. Bd2 Rh4+ 35. Kg3 Kh5 36. Be3 g4 37. Bf4 Rh3# 0-1


[Site "https://www.chess.com"]

[Event "Titled Tuesday Blitz May 16 Late 2023"]
[White "Gasparyan, David"]
[Black "Wieczorek, Zbigniew"]
[WhiteFideId "13311980"]
[BlackFideId "1102001"]
[WhiteElo "2406"]
[BlackElo "2281"]
[Result "0-1"]
[Round "05"]
[TimeControl "180+2"]
[Date "2023.05.16"]
[WhiteClock "0:00:00"]
[BlackClock "0:00:30"]

1. d4 Nf6 2. c4 g6 3. Nf3 Bg7 4. Nc3 d6 5. e4 O-O 6. Be2 e5 7. O-O Nc6 8. d5 Nd4 9. Nxd4 exd4 10. Qxd4 Nd7 11. Qd1 Nc5 12. Re1 f5 13. Bf3 Bxc3 14. bxc3 fxe4 15. Bxe4 Qh4 16. Qd4 Re8 17. g3 Rxe4 18. gxh4 Rxe1+ 19. Kg2 Re4 20. Qd1 Bg4 21. f3 Bh5 22. Bg5 Rf8 23. Qd2 Bxf3+ 24. Kg3 Re2 25. Qd4 Ne4+ 0-1


[Site "https://www.chess.com"]

[Event "Titled Tuesday Blitz May 16 Late 2023"]
[White "Rangel, Daniel"]
[Black "Leschinsky, Gary"]
[WhiteFideId "2124475"]
[BlackFideId "30951321"]
[WhiteElo "2256"]
[BlackElo "1855"]
[Result "1-0"]
[Round "05"]
[TimeControl "180+2"]
[Date "2023.05.16"]
[WhiteClock "0:01:13"]
[BlackClock "0:01:34"]

1. e4 b6 2. d4 Bb7 3. Nc3 g6 4. Nf3 Bg7 5. h4 h5 6. Bg5 d6 7. Qd2 Nd7 8. O-O-O Ngf6 9. e5 Ng4 10. e6 fxe6 11. Bd3 Nf8 12. Rde1 Qd7 13. d5 exd5 14. Rxe7+ Qxe7 15. Bxe7 Kxe7 16. Ng5 d4 17. Re1+ Kd7 18. Bb5+ c6 19. Nd5 cxb5 20. Re7+ Kc8 21. Rxg7 Bxd5 22. Qxd4 Ne6 23. Qxd5 Nxg7 24. Qxa8+ Kd7 25. Qxh8 Nf5 26. Qh7+ 1-0


[Site "https://www.chess.com"]

[Event "Titled Tuesday Blitz May 16 Late 2023"]
[White "Shtivelband, Richard"]
[Black "Pires, Marcos Vinicius Torsani"]
[WhiteFideId "2017342"]
[BlackFideId "2118939"]
[WhiteElo "2302"]
[BlackElo "2273"]
[Result "0-1"]
[Round "05"]
[TimeControl "180+2"]
[Date "2023.05.16"]
[WhiteClock "0:00:52"]
[BlackClock "0:00:09"]

1. g3 Nf6 2. Bg2 g6 3. f4 d6 4. Nf3 Bg7 5. O-O O-O 6. d3 c5 7. e4 Nc6 8. Nc3 Rb8 9. a4 a6 10. h3 b5 11. axb5 axb5 12. Be3 Ne8 13. Qd2 Nc7 14. Kh2 b4 15. Nd1 Nb5 16. c3 Qc7 17. d4 bxc3 18. bxc3 cxd4 19. cxd4 e6 20. Nf2 Bb7 21. Rfc1 Qd7 22. Rab1 Ba8 23. h4 Rfc8 24. h5 Ne7 25. hxg6 hxg6 26. Nh3 Bxe4 27. Nfg5 Bxb1 28. Rxb1 Na3 29. Rxb8 Rxb8 30. Qe2 d5 31. Nf2 Nc4 32. Bc1 Rb1 33. Qc2 Qb7 34. Nd3 Qb3 35. Qxb3 Rxb3 36. Ne5 Bxe5 37. dxe5 Nf5 38. g4 Nd4 39. f5 gxf5 40. gxf5 Nxf5 41. Bh3 Rb1 42. Bf4 Rb2+ 43. Kg1 Nd4 44. Kf1 Nd2+ 45. Ke1 N2f3+ 46. Nxf3 Nxf3+ 47. Kd1 Nd4 48. Bg5 Rb3 49. Bf1 Nc6 50. Bf4 Rf3 0-1


[Site "https://www.chess.com"]

[Event "Titled Tuesday Blitz May 16 Late 2023"]
[White "lluiss"]
[Black "Malicka, Maria"]
[BlackFideId "1197576"]
[WhiteElo "2278"]
[BlackElo "2227"]
[Result "1/2-1/2"]
[Round "05"]
[TimeControl "180+2"]
[Date "2023.05.16"]
[WhiteClock "0:00:06"]
[BlackClock "0:01:11"]

1. Nf3 Nf6 2. c4 g6 3. g3 Bg7 4. Bg2 O-O 5. O-O d6 6. d4 c6 7. Nc3 Qa5 8. e4 e5 9. dxe5 dxe5 10. Qc2 Na6 11. b3 Rd8 12. Bg5 h6 13. Be3 Nb4 14. Qb2 Nd3 15. Qc2 Be6 16. Rfd1 Nb4 17. Qb2 Rd3 18. Rxd3 Nxd3 19. Qc2 Nb4 20. Qb2 Bf8 21. Rd1 Rd8 22. Rxd8 Qxd8 23. a3 Nd3 24. Qd2 Qd7 25. Bf1 Nc5 26. b4 Nb3 27. Qxd7 Nxd7 28. Nd2 Nxd2 29. Bxd2 a5 30. c5 axb4 31. axb4 b6 32. cxb6 Nxb6 33. b5 cxb5 34. Bxb5 Bc5 35. Kg2 Nc4 36. Bxh6 Bd4 37. Nd5 Nd6 38. Be2 Nxe4 39. Nc7 Bd7 40. Be3 Bxe3 41. fxe3 f5 42. Bc4+ Kg7 43. Bd5 Nf6 44. Bb7 Ng4 45. e4 f4 46. gxf4 exf4 47. Bd5 g5 48. Ne6+ Kf6 49. Nd4 Ne3+ 50. Kf2 Nxd5 51. exd5 g4 52. Ne2 Ke5 53. Nc3 Kd4 54. Ne2+ Ke4 55. Nc3+ Kf5 56. Ne2 Bb5 57. Nd4+ Ke5 58. Nxb5 g3+ 59. hxg3 fxg3+ 60. Kxg3 Kxd5 1/2-1/2


[Site "https://www.chess.com"]

[Event "Titled Tuesday Blitz May 16 Late 2023"]
[White "Arnold, Ken"]
[Black "mjelcic"]
[WhiteFideId "2056836"]
[WhiteElo "2388"]
[BlackElo "2261"]
[Result "0-1"]
[Round "05"]
[TimeControl "180+2"]
[Date "2023.05.16"]
[WhiteClock "0:00:06"]
[BlackClock "0:00:19"]

1. e4 g6 2. Nf3 Bg7 3. d4 c5 4. c3 cxd4 5. cxd4 d5 6. e5 Bg4 7. Bb5+ Nc6 8. O-O Rc8 9. Nc3 e6 10. h3 Bxf3 11. Qxf3 Ne7 12. Bg5 O-O 13. Rad1 Qb6 14. Qd3 Nf5 15. Be3 a6 16. Bxc6 Rxc6 17. Na4 Qc7 18. Rc1 Nxe3 19. Qxe3 Rc8 20. Rxc6 Qxc6 21. Nc5 b6 22. Nd3 Qa4 23. a3 Qb3 24. Nb4 Qxb2 25. Nxa6 Rc3 26. Qg5 Qxa3 27. Qd8+ Bf8 28. Qxb6 Rc4 29. Nc7 Qe7 30. Na6 Qd7 31. Nc5 Bxc5 32. dxc5 Qc8 33. Rb1 Rxc5 34. Qd6 Rc1+ 35. Rxc1 Qxc1+ 36. Kh2 Qf4+ 37. Kg1 Kg7 38. g3 Qc1+ 39. Kg2 Qg5 40. h4 Qf5 41. f3 h5 42. f4 Qe4+ 43. Kh2 Qe2+ 44. Kh3 Qf1+ 45. Kh2 Qf2+ 46. Kh1 Qxg3 0-1


[Site "https://www.chess.com"]

[Event "Titled Tuesday Blitz May 16 Late 2023"]
[White "Bogaudinov, Rushan"]
[Black "Escalante Ramirez, Rafael"]
[WhiteFideId "4129288"]
[BlackFideId "3900177"]
[WhiteElo "1941"]
[BlackElo "2251"]
[Result "1-0"]
[Round "05"]
[TimeControl "180+2"]
[Date "2023.05.16"]
[WhiteClock "0:00:43"]
[BlackClock "0:00:01"]

1. g3 Nf6 2. Bg2 d5 3. d4 Bf5 4. Nf3 h6 5. O-O c6 6. c4 e6 7. Nc3 Be7 8. Bf4 O-O 9. a4 a5 10. Qb3 Ra7 11. Ne5 Na6 12. Rfe1 Nb4 13. Rac1 Bh7 14. h4 Nd7 15. Ng4 Nf6 16. Ne5 Ra8 17. Red1 Bd6 18. c5 Bc7 19. Na2 Nxa2 20. Qxa2 Nd7 21. Nxd7 Bxf4 22. Nxf8 Kxf8 23. gxf4 Qxh4 24. Qb3 Qxf4 25. Qg3 Qf6 26. e3 Bf5 27. Bh3 g5 28. Bxf5 Qxf5 29. f3 Kg8 30. Kf2 Re8 31. Qg4 Qg6 32. Rh1 Kg7 33. Rce1 f5 34. Qg3 Kf7 35. Qc7+ Re7 36. Qe5 Re8 37. Rh2 1-0


[Site "https://www.chess.com"]

[Event "Titled Tuesday Blitz May 16 Late 2023"]
[White "Schut, Han"]
[Black "ArchibaldCerveza29"]
[WhiteFideId "1005561"]
[WhiteElo "2024"]
[BlackElo "2381"]
[Result "1-0"]
[Round "05"]
[TimeControl "180+2"]
[Date "2023.05.16"]
[WhiteClock "0:00:26"]
[BlackClock "0:00:19"]

1. e4 e5 2. Nf3 Nc6 3. Bc4 Nf6 4. d4 exd4 5. e5 d5 6. Bb5 Ne4 7. Nxd4 Bd7 8. Bxc6 bxc6 9. O-O Bc5 10. f3 Ng5 11. Be3 Bb6 12. f4 Ne4 13. Nd2 Nxd2 14. Qxd2 c5 15. Nf3 Bc6 16. c3 Qd7 17. Rae1 O-O-O 18. f5 Rhe8 19. Bg5 f6 20. exf6 Rxe1 21. Rxe1 gxf6 22. Bxf6 Rf8 23. Ne5 Qxf5 24. Nxc6 Qxf6 25. Ne7+ Qxe7 26. Rxe7 c4+ 27. Re3 Re8 28. Qxd5 Rxe3 29. Kf1 Kb8 30. a4 a5 31. Qxc4 Re5 32. Qg8+ Ka7 33. Qxh7 Re6 34. g4 Rf6+ 35. Ke2 Rf2+ 36. Kd3 Rxb2 37. h4 Ra2 38. Qe4 c5 39. h5 Rf2 40. h6 c4+ 41. Kxc4 Rf6 42. Qe7+ Ka6 43. Qxf6 Kb7 44. Qxb6+ Ka8 45. Qxa5+ 1-0


[Site "https://www.chess.com"]

[Event "Titled Tuesday Blitz May 16 Late 2023"]
[White "Szyszylo, Rafal"]
[Black "Calhoun, Luke"]
[WhiteFideId "1109626"]
[BlackFideId "2064421"]
[WhiteElo "1951"]
[BlackElo "2253"]
[Result "1-0"]
[Round "05"]
[TimeControl "180+2"]
[Date "2023.05.16"]
[WhiteClock "0:00:14"]
[BlackClock "0:00:10"]

1. e4 e6 2. d4 d5 3. e5 c5 4. c3 Qb6 5. Nf3 Bd7 6. Bd3 Bb5 7. dxc5 Bxc5 8. b4 Bf8 9. O-O Bxd3 10. Qxd3 Nd7 11. a4 Ne7 12. a5 Qc7 13. Re1 Ng6 14. Na3 Ngxe5 15. Nxe5 Nxe5 16. Qg3 f6 17. Bf4 a6 18. Bxe5 fxe5 19. Rxe5 O-O-O 20. Rxe6 Qxg3 21. hxg3 d4 22. Rc1 dxc3 23. Rxc3+ Kb8 24. Nc2 g6 25. Rc4 Rd1+ 26. Kh2 Bh6 27. Re7 Bg5 28. Rf7 Bd8 29. Ne3 Rb1 30. Rd4 h5 31. Nd5 g5 32. Nb6 h4 33. gxh4 gxh4 34. Rdd7 Bxb6 35. Rxb7+ Kc8 36. axb6 Re8 37. Rfc7+ Kd8 38. Rb8# 1-0


[Site "https://www.chess.com"]

[Event "Titled Tuesday Blitz May 16 Late 2023"]
[White "FromTexas54"]
[Black "Lopez Perdomo, Juan David"]
[BlackFideId "4405137"]
[WhiteElo "2377"]
[BlackElo "1965"]
[Result "1-0"]
[Round "05"]
[TimeControl "180+2"]
[Date "2023.05.16"]
[WhiteClock "0:00:20"]
[BlackClock "0:01:05"]

1. Nf3 e6 2. g3 d5 3. Bg2 Nf6 4. O-O c5 5. d3 Bd6 6. Nbd2 Nc6 7. e4 O-O 8. c3 b5 9. Re1 Qc7 10. Qe2 Nd7 11. h4 a5 12. Nf1 Ba6 13. N1h2 b4 14. h5 Nce5 15. Nxe5 Nxe5 16. Rd1 bxc3 17. bxc3 c4 18. d4 Nd3 19. e5 Be7 20. Qg4 f5 21. exf6 Rxf6 22. Bg5 Rf7 23. Nf3 Bc8 24. Qh4 Bxg5 25. Nxg5 Rxf2 26. h6 g6 27. Rxd3 Rxg2+ 28. Kxg2 cxd3 29. Rf1 e5 30. Rf7 Qxc3 31. Rg7+ Kf8 32. Nxh7+ Ke8 33. Qe7# 1-0


[Site "https://www.chess.com"]

[Event "Titled Tuesday Blitz May 16 Late 2023"]
[White "Schuster, Karsten"]
[Black "Florianovitz, Derlei Alex"]
[WhiteFideId "4611071"]
[BlackFideId "2114178"]
[WhiteElo "2254"]
[BlackElo "1953"]
[Result "0-1"]
[Round "05"]
[TimeControl "180+2"]
[Date "2023.05.16"]
[WhiteClock "0:00:00"]
[BlackClock "0:00:04"]

1. d4 Nf6 2. c4 e6 3. Nc3 Bb4 4. Qc2 O-O 5. a3 Bxc3+ 6. Qxc3 d5 7. Bg5 Nbd7 8. cxd5 exd5 9. Nf3 h6 10. Bh4 Re8 11. e3 c6 12. Bd3 Qb6 13. O-O Ne4 14. Qc2 Ndf6 15. b4 a5 16. Rab1 axb4 17. axb4 Bg4 18. Ne5 Be6 19. Rfc1 Ra3 20. Qb2 Rea8 21. b5 Nd7 22. Nxd7 Bxd7 23. Bxe4 dxe4 24. bxc6 Qxb2 25. Rxb2 Bxc6 26. h3 Ra2 27. Rxa2 Rxa2 28. Rb1 f6 29. Bg3 Kf7 30. Bd6 Ke6 31. Bc5 g6 32. g4 f5 33. gxf5+ gxf5 34. Kg2 f4 35. Re1 f3+ 36. Kg3 Kf5 37. Rd1 Bd5 38. Rb1 Ra8 39. Rb6 Bc6 40. Be7 Rg8+ 41. Kh4 Rg2 42. d5 Bxd5 43. Rf6+ Ke5 44. Rxh6 Rxf2 45. Bd6+ Kf5 46. Rh5+ Ke6 47. Bg3 Rg2 48. Re5+ Kf6 49. Rxd5 f2 50. Bxf2 Rxf2 51. Rb5 Rf3 52. Kg4 Rxe3 53. h4 Re1 54. Kf4 Rh1 55. Rb6+ Ke7 56. Rxb7+ Kf8 57. Rh7 Kg8 58. Rh5 Re1 59. Re5 Kg7 60. Kg5 Rg1+ 61. Kh5 Re1 62. Re7+ Kf6 63. Re8 e3 64. Kh6 Kf7 65. Re4 e2 66. h5 Kg8 67. Re3 Kf7 68. Rf3+ Kg8 69. Rf2 Rf1 70. Rxe2 Rf6+ 71. Kg5 Rf8 72. Kg6 Kh8 73. h6 Ra8 74. Re6 Rb8 75. Kf7 Ra8 76. Kg6 Rb8 77. Rd6 Ra8 78. Rb6 Rc8 79. Rf6 Rd8 80. Kh5 Re8 81. Kg4 Rg8+ 82. Kf5 Rc8 83. Rf7 Rd8 84. Kg6 Rc8 85. h7 Rc6+ 0-1


[Site "https://www.chess.com"]